 Dungeon Crawl Stone Soup version 0.24-a0-106-gcea5463 (webtiles) character file.

Game seed: 9648420593178855431

13 mhoghedin the Caller (level 2, -1/16 HPs)
             Began as a Kobold Summoner on Feb 13, 2019.
             Slain by a kobold
             ... wielding a +0 dagger
              (3 damage)
             ... on level 1 of the Dungeon.
             The game lasted 00:02:36 (714 turns).

mhoghedin the Caller (Kobold Summoner)               Turns: 714, Time: 00:02:37

Health: -1/16      AC:  2    Str:  5    XL:     2   Next: 50%
Magic:  4/5        EV: 15    Int: 16    God:
Gold:   37         SH:  0    Dex: 15    Spells: 2/5 levels left

rFire    . . .     SeeInvis .   b - +0 short sword
rCold    . . .     Gourm    .   (shield restricted)
rNeg     . . .     Faith    .   a - +0 robe
rPois    .         Spirit   .   (no helmet)
rElec    .         Reflect  .   (no cloak)
rCorr    .         Harm     .   (no gloves)
MR       .....                  (no boots)
Stlth    ++........             (no amulet)
HPRegen  0.05/turn              (no ring)
MPRegen  0.09/turn              (no ring)

@: no status effects
A: small, carnivore
a: no special abilities


You were on level 1 of the Dungeon.
You were full.

You visited 1 branch of the dungeon, and saw 1 of its levels.

You collected 37 gold pieces.

Inventory:

Hand Weapons
 b - a +0 short sword (weapon)
   (You took it off a kobold on level 1 of the Dungeon)
Armour
 a - a +0 robe (worn)
Scrolls
 d - a scroll of identify {unknown}
 e - a scroll of fear {unknown}
 g - 2 scrolls of teleportation {unknown}
Potions
 f - a potion of curing {unknown}
Comestibles
 c - a ration


   Skills:
 + Level 1.4 Fighting
 + Level 1.0 Short Blades
 - Level 2.8 Dodging
 - Level 2.6 Stealth
 - Level 2.1 Spellcasting
 - Level 4.0 Summonings


You had 2 spell levels left.
You knew the following spells:

 Your Spells              Type           Power        Failure   Level  Hunger
a - Summon Small Mammal   Summ           ##..         4%          1    #......
c - Call Imp              Summ           ##......     6%          2    ###....

Your spell library contained the following spells:

 Spells                   Type           Power        Failure   Level  Hunger
 Call Canine Familiar     Summ           ##......     12%         3    ###....
 Summon Guardian Golem    Hex/Summ       #.......     26%         3    ###....
 Summon Ice Beast         Ice/Summ       #.......     65%         4    #####..
 Summon Lightning Spire   Summ/Air       #.......     65%         4    #####..


Dungeon Overview and Level Annotations

Branches:
Dungeon (1/15)

Altars:


Innate Abilities, Weirdness & Mutations

You are small and have problems with some larger weapons.
You are carnivorous and can eat meat at any time.


Message History

a +0 club; a hobgoblin skeleton Memorise Call Imp, consuming 2 spell levels and leaving 2?
You start memorising the spell.
You continue memorising.
Your bat disappears in a puff of smoke!
You continue memorising.
You finish memorising.
Spell assigned to 'c'.
You start resting.
Eating one of 3 chunks of flesh {@w0}.
You eat one of the 3 chunks of flesh {@w0}.
This raw flesh tastes great.
Eating one of 2 chunks of flesh {@w0}.
You eat one of the 2 chunks of flesh {@w0}.
This raw flesh tastes great.
Eating a chunk of flesh {@w0}.
You eat the chunk of flesh {@w0}.
This raw flesh tastes great.
Your quokka disappears in a puff of smoke!
A giant cockroach comes into view.
g - a scroll labeled PUSMOA LIWUROH You now have 37 gold pieces (gained 27).
You start resting.
Health restored: 16; MP restored: 5 A rat comes into view.
A rat is nearby!
A leopard gecko comes into view.
The leopard gecko hisses angrily.
You barely miss the rat. The rat bites you.
The leopard gecko hisses menacingly.
You take 1 damage, and have 15/16 hp.
You hit the rat. The rat bites you.
You take 1 damage, and have 14/16 hp.
You hit the rat.
You kill the rat!
The leopard gecko misses you.
You closely miss the leopard gecko. The leopard gecko barely misses you.
You hit the leopard gecko. The leopard gecko bites you.
The leopard gecko closely misses you.
You take 3 damage, and have 11/16 hp.
You closely miss the leopard gecko.
The leopard gecko hisses menacingly.
The leopard gecko closely misses you.
A goblin comes into view.
You miss the leopard gecko. The leopard gecko barely misses you.
The goblin shouts!
You hit the leopard gecko.
You kill the leopard gecko!
You see here a leopard gecko corpse.
You hit the goblin.
You kill the goblin!
No target in view!
No target in view!
No target in view!
No target in view!
No target in view!
No target in view!
No target in view!
No target in view!
No target in view!
Found a stone staircase leading down.
g - 2 scrolls labeled PUSMOA LIWUROH (gained 1)
A hobgoblin comes into view. It is wielding a +0 club.
You regained 3 hp, and now have 15/16 hp.
A hobgoblin is nearby!
Health restored: 16 The hobgoblin shouts!
You barely miss the hobgoblin. The hobgoblin closely misses you.
You barely miss the hobgoblin. The hobgoblin closely misses you.
You barely miss the hobgoblin. The hobgoblin barely misses you.
You closely miss the hobgoblin. The hobgoblin hits you with a +0 club.
You take 3 damage, and have 13/16 hp.
You barely miss the hobgoblin. The hobgoblin closely misses you.
You hit the hobgoblin but do no damage. The hobgoblin closely misses you.
You closely miss the hobgoblin. The hobgoblin barely misses you.
You barely miss the hobgoblin. The hobgoblin hits you with a +0 club.
You take 4 damage, and have 9/16 hp.
MASSIVE DAMAGE!!
The hobgoblin closely misses you.
You now have 4/5 mp.
Okay, then.
Unknown command.
A beastly little devil appears in a puff of flame.
The hobgoblin completely misses you.
Your bat closely misses the hobgoblin.
You now have 2/5 mp.
You hit the hobgoblin.
Your bat barely misses the hobgoblin.
The hobgoblin hits you with a +0 club.
* * * LOW HITPOINT WARNING * * *
You take 6 damage, and have 3/16 hp.
MASSIVE DAMAGE!!
You hit the hobgoblin.
You kill the hobgoblin!
Your Short Blades skill increases to level 1!
You start resting.
A kobold comes into view. It is wielding a +0 dagger.
Your crimson imp blinks!
You regained 2 mp, and now have 4/5 mp.
Your crimson imp blinks!
The kobold hits you with a +0 dagger.
* * * LOW HITPOINT WARNING * * *
You take 3 damage, and have 2/16 hp.
You hit the kobold but do no damage.
Your bat barely misses the kobold.
The kobold hits you with a +0 dagger.
You die...

##.####.........#
#.......###.##### .
#..####.# #.### # ...
##..#..#.# #.#.###
....####......#.###.....#
......)..#.#..#.....#.###
###........#..#.###.#.###
#....b5###....##.......
#.....@###..##....####.
#.....K.....##.#..####.
.........##.#...........
.............#.#####.####
.........................
..########.....####.####
#... ###........#>.. #..
###.......##.###.# #...
...................


You could see a kobold, a friendly crimson imp and a friendly bat.

Vanquished Creatures
  A dart slug (D:1)
  A leopard gecko (D:1)
  A goblin (D:1)
  3 hobgoblins (D:1)
  A frilled lizard (D:1)
  A rat (D:1)
8 creatures vanquished.

Vanquished Creatures (collateral kills)
  2 jackals (D:1)
  A kobold (D:1)
3 creatures vanquished.

Grand Total: 11 creatures vanquished

Notes
Turn   | Place    | Note
-------+----------+-------------------------------------------
     0 | D:1      | mhoghedin the Kobold Summoner began the quest for the Orb.
     0 | D:1      | Reached XP level 1. HP: 10/10 MP: 3/3
   436 | D:1      | Reached skill level 1 in Fighting
   436 | D:1      | Reached XP level 2. HP: 11/16 MP: 0/5
   453 | D:1      | Learned a level 2 spell: Call Imp
   686 | D:1      | HP: 3/16 [hobgoblin/+0 club (6)]
   687 | D:1      | Reached skill level 1 in Short Blades
   713 | D:1      | HP: 2/16 [kobold/+0 dagger (3)]
   714 | D:1      | Slain by a kobold

Levels and vault maps discovered:
D:1:      evilmike_arrival_plus, layout_basic, minmay_indecisive_spiral

Skill      XL: |  1  2 |
---------------+-------+-----
Fighting       | 1 |  1.4
Short Blades   | 1 |  1.0
Dodging        | |  2.8
Stealth        | |  2.6
Spellcasting   | |  2.1
Summonings     | |  4.0

Action                   || total
-------------------------++-------
Melee: Unarmed           ||    16
       Short sword       ||    23
 Cast: Summon Small Mamm ||    15
       Call Imp          ||     1
  Use: Potion            ||     1
 Stab: Distracted        ||     1
  Eat: Chunk             ||     4
Armor: Robe              ||     2
Dodge: Dodged            ||    31

Table legend:
 A = Non-vault XP
 B = Vault XP
 C = Vault XP percentage of total XP
 D = Non-vault monster count
 E = Vault monster count
 F = Vault count percentage of total count
                 A         B        C        D         E       F
            +---------+---------+-------+---------+---------+-------
      Total |      15 |       4 |  21.1 |       8 |       3 |  27.3
            +---------+---------+-------+---------+---------+-------
        D:1 |      15 |       4 |  21.1 |       8 |       3 |  27.3
            +---------+---------+-------+---------+---------+-------

Levels and vault maps discovered:
D:1:      evilmike_arrival_plus, layout_basic, minmay_indecisive_spiral

Table legend:
 A = Turns spent in this place as a percentage of turns spent in the entire game.
 B = Non-inter-level travel turns spent in this place as a percentage of non-inter-level travel turns spent in the entire game.
 C = Inter-level travel turns spent in this place as a percentage of turns spent in this place.
 D = Turns resting spent in this place as a percentage of non-inter-level travel turns spent in this place.
 E = Turns spent auto-exploring this place as a percentage of non-inter-level travel turns spent in this place.
 F = Non-inter-level travel turns spent in this place divided by the number of levels of this place that you've seen.
                   A       B       C       D       E      F
               +-------+-------+-------+-------+-------+----------------------
         Total | 100.0 | 100.0 |   0.0 |  52.5 |  21.0 | 714.0
       Dungeon | 100.0 | 100.0 |   0.0 |  52.5 |  21.0 | 714.0
               +-------+-------+-------+-------+-------+----------------------

Table legend:
 A = Kills in this place as a percentage of kills in entire the game.
 B = Kills by you in this place as a percentage of kills by you in the entire game.
 C = Kills by friends in this place as a percentage of kills by friends in the entire game.
 D = Other kills in this place as a percentage of other kills in the entire game.
 E = Experience gained in this place as a percentage of experience gained in the entire game.
 F = Experience gained in this place divided by the number of levels of this place that you have seen.
                   A       B       C       D       E      F
               +-------+-------+-------+-------+-------+----------------------
         Total | 100.0 | 100.0 | 100.0 |   N/A | 100.0 |  19.0
       Dungeon | 100.0 | 100.0 | 100.0 |   N/A | 100.0 |  19.0
               +-------+-------+-------+-------+-------+----------------------
